[Event "10th Iberoamericano-ch 2024"]
[Site "Linares"]
[Date "2024.09.29"]
[Round "7.13"]
[White "Ticona Rocabado, Licael Roderick"]
[Black "Zambrana, Osvaldo"]
[Result "0-1"]
[ECO "E10"]
[WhiteElo "2321"]
[BlackElo "2405"]
[Annotator "RC"]
[PlyCount "126"]
[EventDate "2024.09.25"]
[EventType "swiss"]
[EventCountry "ESP"]
[SourceTitle "playchess.com"]
[Source "ChessBase"]
[SourceQuality "1"]
[TimeControl "5400+30"]

1. d4 Nf6 2. c4 e6 3. Nf3 d5 4. e3 Be7 5. Nbd2 O-O 6. b3 c5 7. Bd3 cxd4 8. exd4 b6 9. O-O Bb7 10. Bb2 Nc6 11. Rc1 dxc4 12. bxc4 Qd6 13. Qe2 Rfe8 14. Rfd1 Rac8 15. Ne4 Qf4 16. d5 exd5 17. cxd5 Nxd5 18. Bc4 Ncb4 19. Be5 Qh6 20. a3 b5 21. Bxd5 Nxd5 22. Rxc8 Rxc8 23. Qxb5 Rc1 24. Qf1 Rxd1 25. Qxd1 Bxa3 26. Ned2 Qc6 27. Nf1 Bf8 28. Nd4 Qg6 29. Qb3 Nb4 30. Ne3 Qd3 31. Qb2 Be4 32. Nb3 Qb1+ 33. Qxb1 Bxb1 34. Na5 Bd3 35. Bd4 a6 36. Bb6 Bb5 37. h4 f6 38. g4 Kf7 39. Kg2 Ke6 40. f4 Nd5 41. f5+ Ke5 42. Nxd5 Kxd5 43. Kf3 Ba4 44. Bd8 Bd1+ 45. Kg3 Bd6+ 46. Kh3 h5 47. gxh5 Bxh5 48. Nb7 Be5 49. Be7 Ke4 50. Kg2 Kxf5 51. Bb4 Be2 52. Nd6+ Kg4 53. Ne8 g6 54. Be7 Bf3+ 55. Kf2 Bd4+ 56. Kf1 f5 57. Bd8 Bc6 58. Nd6 Kf3 59. h5 Bc5 60. h6 Bxd6 61. Bf6 Bc5 62. Ke1 Bf2+ 63. Kd1 Ba4+ 0-1

[Event "10th Iberoamericano-ch 2024"]
[Site "Linares"]
[Date "2024.09.29"]
[Round "7.14"]
[White "Matamoros Franco, Carlos S."]
[Black "Blanco Acevedo, Cristobal Jose"]
[Result "1-0"]
[ECO "A05"]
[WhiteElo "2404"]
[BlackElo "2301"]
[Annotator "TA"]
[PlyCount "139"]
[EventDate "2024.09.25"]
[EventType "swiss"]
[EventCountry "ESP"]
[SourceTitle "playchess.com"]
[Source "ChessBase"]
[SourceQuality "1"]
[TimeControl "5400+30"]

1. Nf3 d5 2. g3 Nf6 3. Bg2 e6 4. O-O c5 5. d4 Nc6 6. c4 dxc4 7. dxc5 Bxc5 8. Qxd8+ Nxd8 9. Ne5 Bd7 10. Nxc4 {[%emt 0:11:08] White has an edge.} Bb5 11. Nbd2 Rc8 12. b3 Ke7 13. Bb2 Nc6 14. e3 Rhd8 15. Rfc1 b6 16. a3 a5 17. Rc2 Nb8 18. Rac1 Ba6 19. Nf3 Ne8 20. h3 {[%emt 0:05:38][%cal Oc4a5] White is more active.} (20. Nxa5 bxa5 21. Ne5 (21. Rxc5 $2 {perishes.} Rxc5 22. Rxc5 Rd1+ $19) (21. b4 $2 axb4 22. axb4 Bxb4 $19) 21... Ba7 (21... Bd6 $2 22. Rxc8 Rxc8 23. Rxc8 $19) 22. Rxc8 Rxc8 $17) 20... Rd3 {[%emt 0:07:56] [#]} 21. Nxa5 $1 bxa5 22. Rxc5 Rxc5 23. Rxc5 Rxb3 24. Be5 {[%emt 0:02:22] This pair of bishops is nice.} f6 25. Bxb8 Rxb8 26. Rxa5 Rb1+ 27. Kh2 Nc7 28. g4 Kd6 29. Nd2 Rb5 30. Ne4+ Ke7 31. Rxb5 Bxb5 $16 {[%emt 0:00:06][%mdl 4096] Endgame. KBN-KBN} 32. Nc3 Bc4 33. f4 (33. a4 $142) 33... h6 34. Kg3 g5 35. h4 Nb5 36. Nxb5 (36. Nb1 $1 $16) 36... Bxb5 {[%emt 0:00:01] KB-KB} 37. Kf2 Kd6 38. hxg5 hxg5 39. fxg5 fxg5 40. Ke1 Kc5 41. Kd2 Ba6 42. Bf3 e5 43. Kc3 Bb5 44. Bd1 Bf1 45. a4 Ba6 46. Bf3 {[%emt 0:00:48] a5 would now be deadly.} Bf1 47. Be4 {[%emt 0:00:32] next a5 is good for White.} Be2 48. Bf5 Ba6 49. Bd3 (49. a5 $5 Bb7 $8 50. Kd3 $11) 49... Bc8 (49... Bb7 $11) 50. Be2 $1 $18 Bb7 51. a5 Bg2 52. a6 $2 (52. Kb3 $18 Bd5+ 53. Kc3) 52... Kb6 $14 53. Kb4 e4 $1 54. Kc3 {[%emt 0:00:19] White threatens Kd2 and mate.} (54. Bc4 $5 Bf3 $8 55. Kc3 Bxg4 56. Kd4 $16) 54... Bf3 55. Bxf3 exf3 56. Kd2 Kxa6 {[%emt 0:00:06] KPP-KPP} 57. Ke1 Kb5 58. Kf2 Kc4 59. Kxf3 $11 {[%emt 0:00:05] Threatening mate with Ke4. KPP-KP} Kd5 (59... Kd3 $11 60. Kf2 Kc4 61. Kg2 Kd5 62. Kf3 Ke5 63. Kf2 Kd5 64. Ke1 Ke5) 60. Kf2 $2 (60. Ke2 Ke4 61. Kf2 Kd5 62. Ke1 Ke5 63. Kd2 Ke4 64. Ke2 Ke5 65. Kd3) 60... Ke5 $2 (60... Kc4 $11 61. Kg2 Kc5 62. Kf1 Kc4 63. Kf2 Kd5 64. Ke1 Ke5 65. Kd2 Ke4) 61. Ke1 $1 Ke6 62. Kd2 Kd5 63. Kd1 $2 (63. Kd3 {mates} Ke5 64. e4 Kf6 65. Kd4 Kf7 66. Kd5 Kf6 67. Kd6 Kf7 68. e5) 63... Ke4 $2 (63... Ke5 $11 64. Kd2 Ke4 65. Ke2 Ke5 66. Kd3 Kd5 67. e4+ Ke5 68. Ke3 Kf6) 64. Ke2 Kd5 $2 (64... Ke5 $11 65. Kd3 Kd5 66. e4+ Ke5 67. Ke3 Ke6 68. Kd4 Kf7 69. e5 Ke7) 65. Kd3 {[%emt 0:00:24] White mates.} Ke5 66. e4 $1 Kf4 67. Kd4 $1 Kxg4 {[%emt 0:00:05] [#]} 68. e5 $1 Kf5 {[%emt 0:00:53] [#]} 69. Kd5 $1 g4 70. e6 {[%emt 0:00:04] Weighted Error Value: White=0.31/Black=0.42.  Loses game:     	---       	Black=5      Missed win:     	White=1     	---        Mistake:       	White=2     	---        Inaccurate:     	White=4     	Black=6      OK:         	White=19    	Black=11     Best:        	White=3     	Black=4      Strong:       	White=1     	Black=1} 1-0

[Event "10th Iberoamericano-ch 2024"]
[Site "Linares"]
[Date "2024.09.29"]
[Round "7.15"]
[White "Escalona Landi, Samid Eduardo"]
[Black "Veiga, Jose Francisco R P N"]
[Result "1/2-1/2"]
[ECO "A05"]
[WhiteElo "2305"]
[BlackElo "2404"]
[Annotator "RC"]
[PlyCount "148"]
[EventDate "2024.09.25"]
[EventType "swiss"]
[EventCountry "ESP"]
[SourceTitle "playchess.com"]
[Source "ChessBase"]
[SourceQuality "1"]
[TimeControl "5400+30"]

1. Nf3 Nf6 2. g3 g6 3. b3 Bg7 4. Bb2 O-O 5. Bg2 c5 6. c4 d6 7. d4 d5 8. O-O cxd4 9. cxd5 Qxd5 10. Qxd4 Qh5 11. Qh4 Qxh4 12. Nxh4 Nc6 13. Bxc6 bxc6 14. Na3 Ba6 15. Rfe1 Rfd8 16. Nf3 Bh6 17. Bc1 Bg7 18. Bb2 Rac8 19. Nc4 Bxc4 20. bxc4 Ne4 21. Bxg7 Kxg7 22. Rab1 Kf6 23. Rb7 a6 24. Rb3 c5 25. Re3 Nd6 26. Rd1 Nxc4 27. Rxd8 Rxd8 28. Rc3 Nd2 29. Rxc5 Nxf3+ 30. exf3 Rd6 31. f4 e6 32. h4 Rd5 33. Rc4 Ra5 34. a4 Ke7 35. Rd4 Rc5 36. Rb4 Kf6 37. Rb6 Ra5 38. Rb4 h6 39. Rc4 g5 40. hxg5+ hxg5 41. fxg5+ Rxg5 42. Kg2 Rf5 43. f4 Rd5 44. Kf3 Rd3+ 45. Kg4 Ra3 46. Rb4 a5 47. Rc4 Kg6 48. Kh4 f5 49. g4 Ra1 50. Rc6 Rh1+ 51. Kg3 Rg1+ 52. Kf2 Rxg4 53. Rxe6+ Kf7 54. Re5 Rxf4+ 55. Ke3 Rxa4 56. Rxf5+ Ke6 57. Rh5 Ra1 58. Kd2 Kd6 59. Kc2 Kc6 60. Kb2 Ra4 61. Kb3 Rb4+ 62. Ka3 Rb5 63. Rh6+ Kc5 64. Rh5+ Kc4 65. Rh4+ Kc5 66. Rh5+ Kc4 67. Rxb5 Kxb5 68. Kb3 a4+ 69. Ka3 Ka5 70. Kb2 Kb4 71. Ka2 a3 72. Ka1 Kb3 73. Kb1 a2+ 74. Ka1 Ka3 1/2-1/2

[Event "10th Iberoamericano-ch 2024"]
[Site "Linares"]
[Date "2024.09.29"]
[Round "7.16"]
[White "Mingarro Carceller, Sergi"]
[Black "Ynojosa Aponte, Felix Jose"]
[Result "0-1"]
[ECO "B30"]
[WhiteElo "2273"]
[BlackElo "2398"]
[Annotator "RC"]
[PlyCount "73"]
[EventDate "2024.09.25"]
[EventType "swiss"]
[EventCountry "ESP"]
[SourceTitle "playchess.com"]
[Source "ChessBase"]
[SourceQuality "1"]
[TimeControl "5400+30"]

1. e4 c5 2. Nf3 Nc6 3. Bb5 e6 4. O-O Nge7 5. c3 a6 6. Ba4 b5 7. Bc2 Bb7 8. Re1 d5 9. a4 d4 10. axb5 axb5 11. Rxa8 Bxa8 12. Na3 b4 13. Nb5 g6 14. e5 Bh6 15. cxd4 cxd4 16. Nd6+ Kf8 17. d3 Bxc1 18. Qxc1 Nxe5 19. Qh6+ Kg8 20. Nxe5 Qxd6 21. Ng4 f5 22. Bb3 Bd5 23. Nf6+ Kf7 24. Bxd5 Nxd5 25. Nxh7 Re8 26. g3 e5 27. Ng5+ Kf6 28. Qh4 Qb8 29. Ra1 Rh8 30. Ra6+ Kg7 31. Ne6+ Kf7 32. Qg5 Qc8 33. Ra7+ Kxe6 34. Qxg6+ Nf6 35. Qf7+ Kd6 36. Qxf6+ Kc5 37. Ra5# 0-1

[Event "10th Iberoamericano-ch 2024"]
[Site "Linares"]
[Date "2024.09.29"]
[Round "7.17"]
[White "Labiano Hernandez, Juan"]
[Black "Iglesias Ferreira, Andres"]
[Result "1-0"]
[ECO "B54"]
[WhiteElo "2398"]
[BlackElo "2285"]
[Annotator "RC"]
[PlyCount "49"]
[EventDate "2024.09.25"]
[EventType "swiss"]
[EventCountry "ESP"]
[SourceTitle "playchess.com"]
[Source "ChessBase"]
[SourceQuality "1"]
[TimeControl "5400+30"]

1. e4 c5 2. Nf3 d6 3. d4 cxd4 4. Nxd4 Nf6 5. f3 e5 6. Nb3 Be6 7. c4 Nbd7 8. Nc3 Rc8 9. Be3 Bxc4 10. Bxc4 Rxc4 11. Qd3 Rc8 12. Bxa7 d5 13. exd5 Bb4 14. Bf2 O-O 15. O-O Nb6 16. Ne4 Nbxd5 17. Qb5 Be7 18. Rfd1 Nxe4 19. fxe4 Nc7 20. Qxb7 Qe8 21. Rac1 Ne6 22. Rxc8 Qxc8 23. Qxe7 Qc2 24. Rf1 Qxb2 25. Bc5 1-0

[Event "10th Iberoamericano-ch 2024"]
[Site "Linares"]
[Date "2024.09.29"]
[Round "7.18"]
[White "Leiva, Gianmarco"]
[Black "Ruiz Buendia, Miguel"]
[Result "1-0"]
[ECO "C50"]
[WhiteElo "2389"]
[BlackElo "2269"]
[Annotator "RC"]
[PlyCount "295"]
[EventDate "2024.09.25"]
[EventType "swiss"]
[EventCountry "ESP"]
[SourceTitle "playchess.com"]
[Source "ChessBase"]
[SourceQuality "1"]
[TimeControl "5400+30"]

1. e4 e5 2. Nf3 Nc6 3. Bc4 Nf6 4. d3 Bc5 5. O-O d6 6. c3 a5 7. Nbd2 O-O 8. h3 h6 9. Re1 Be6 10. Bb5 Qb8 11. Bxc6 bxc6 12. d4 exd4 13. cxd4 Bb6 14. Qc2 Qa7 15. Qxc6 a4 16. Nf1 Bc5 17. dxc5 Bd7 18. Qxa8 Qxa8 19. cxd6 cxd6 20. e5 Nd5 21. Bd2 Rb8 22. b3 dxe5 23. Nxe5 Be6 24. Nd3 Qc6 25. Rac1 Qb5 26. Nc5 axb3 27. Nxb3 Qa4 28. Nc5 Qxa2 29. Nxe6 fxe6 30. Rxe6 Rb2 31. Rd1 Nf4 32. Re8+ Kf7 33. Re3 Rb3 34. Ree1 Nd3 35. Ra1 Qb2 36. Red1 Rb7 37. Be3 Qf6 38. Ng3 Qg6 39. Kh2 Rd7 40. Ra5 Nc5 41. Rc1 Ne6 42. Rc6 Re7 43. Re5 Qb1 44. Nf5 Kf6 45. Bd4 Qxf5 46. Rxf5+ Kxf5 47. Bc3 h5 48. Rb6 g5 49. Rb5+ Kg6 50. h4 gxh4 51. Re5 Re8 52. Bd2 Ng7 53. Rg5+ Kf6 54. Rc5 Nf5 55. Bc3+ Kg5 56. Rc6 Re2 57. Bf6+ Kf4 58. Rc4+ Re4 59. Bg5+ Ke5 60. Rc5+ Ke6 61. Rc6+ Kd5 62. Rf6 Ke5 63. Rf8 Rg4 64. Bc1 Ke6 65. Bb2 Rg6 66. Kh3 Nd6 67. Rh8 Ne4 68. f3 Nf2+ 69. Kh2 Nd3 70. Re8+ Kf7 71. Re2 Nf4 72. Rc2 Ke6 73. Bc3 Nd5 74. Be1 Nf4 75. Bxh4 Kf7 76. Rc7+ Kg8 77. Rc8+ Kh7 78. Rc2 Kh6 79. Bg3 Ne6 80. Kh3 Nd4 81. Rc7 Rf6 82. Be5 Ne6 83. Re7 Ng5+ 84. Kg3 Re6 85. Bg7+ Kg6 86. Rb7 Rc6 87. Bd4 Ne6 88. Bb2 Ra6 89. Rb5 Rc6 90. Re5 Rb6 91. Bc1 Rc6 92. Be3 Ra6 93. Kh3 Rc6 94. g3 Ra6 95. Kh4 Ra4+ 96. f4 Ng7 97. Rg5+ Kf6 98. Bc5 Ne6 99. Rxh5 Nxf4 100. gxf4 Rxf4+ 101. Kg3 Rf5 102. Rh6+ Ke5 103. Bd6+ Kd5 104. Bf4 Rf7 105. Kf3 Rd7 106. Ke3 Re7+ 107. Kd3 Re6 108. Rh5+ Kc6 109. Kd4 Kd7 110. Kd5 Re7 111. Be5 Rf7 112. Rh6 Re7 113. Ra6 Rf7 114. Rb6 Ke7 115. Ra6 Kd7 116. Bf6 Ke8 117. Ra8+ Kd7 118. Ke5 Kc6 119. Ke6 Rb7 120. Bd4 Kb5 121. Rc8 Kb4 122. Rc2 Rb5 123. Kd6 Kb3 124. Rc1 Rh5 125. Be5 Rh4 126. Kd5 Rb4 127. Bd4 Rb5+ 128. Bc5 Kb2 129. Rg1 Rb8 130. Kc4 Rc8 131. Rg2+ Kc1 132. Kd4 Kb1 133. Rf2 Rc7 134. Bb4 Rc8 135. Kd3 Rc7 136. Bc3 Rh7 137. Rf1+ Ka2 138. Kc2 Rh2+ 139. Bd2 Rh3 140. Rf5 Rg3 141. Ra5+ Ra3 142. Rb5 Rh3 143. Re5 Rg3 144. Be3 Ka3 145. Re4 Rg2+ 146. Bd2 Rh2 147. Rg4 Rf2 148. Rg5 1-0

[Event "10th Iberoamericano-ch 2024"]
[Site "Linares"]
[Date "2024.09.29"]
[Round "7.19"]
[White "Palma Villanueva, Miguel Tadeo"]
[Black "Perea Fruet, Lorenzo"]
[Result "1/2-1/2"]
[ECO "B30"]
[WhiteElo "2266"]
[BlackElo "2389"]
[Annotator "RC"]
[PlyCount "101"]
[EventDate "2024.09.25"]
[EventType "swiss"]
[EventCountry "ESP"]
[SourceTitle "playchess.com"]
[Source "ChessBase"]
[SourceQuality "1"]
[TimeControl "5400+30"]

1. e4 c5 2. Nf3 Nc6 3. Bb5 e6 4. O-O Nge7 5. d4 cxd4 6. Nxd4 Ng6 7. c3 Be7 8. Be3 O-O 9. Nd2 a6 10. Bd3 b5 11. Qh5 Bb7 12. f4 e5 13. fxe5 Ncxe5 14. Bc2 Bc5 15. Bg5 Qb6 16. N2b3 Rae8 17. Nxc5 Qxc5 18. Be3 Qc7 19. Nf5 d5 20. Bd4 dxe4 21. Rae1 Bc8 22. Rxe4 Bxf5 23. Qxf5 Nc4 24. Rh4 Qc6 25. Qh5 h6 26. Rg4 Re6 27. Bf5 Nxb2 28. Bxe6 Qxe6 29. Qf5 Qxf5 30. Rxf5 Re8 31. h4 Nc4 32. Rc5 Nge5 33. Bxe5 Nxe5 34. Re4 f6 35. a4 bxa4 36. Rxa4 h5 37. Rxa6 Rd8 38. Ra1 Rd2 39. Rc7 Ng4 40. Re1 Ne5 41. c4 Rc2 42. c5 Kh7 43. Ra1 Kh6 44. Raa7 Ng4 45. Ra1 Ne5 46. Rc8 Kg6 47. Rf1 Kh6 48. g3 Kg6 49. Rc7 Nd3 50. c6 Ne5 51. Rf2 1/2-1/2

[Event "10th Iberoamericano-ch 2024"]
[Site "Linares"]
[Date "2024.09.29"]
[Round "7.20"]
[White "Prado Lobo, Jonas"]
[Black "Noboa Silva, Kevin"]
[Result "1/2-1/2"]
[ECO "B40"]
[WhiteElo "2385"]
[BlackElo "2270"]
[Annotator "RC"]
[PlyCount "76"]
[EventDate "2024.09.25"]
[EventType "swiss"]
[EventCountry "ESP"]
[SourceTitle "playchess.com"]
[Source "ChessBase"]
[SourceQuality "1"]
[TimeControl "5400+30"]

1. e4 c5 2. Nf3 e6 3. d4 cxd4 4. Nxd4 Nf6 5. Nc3 Nc6 6. Qd3 Bb4 7. a3 Bxc3+ 8. Qxc3 O-O 9. Nxc6 bxc6 10. e5 Nd5 11. Qg3 f6 12. c4 Ne7 13. exf6 Nf5 14. fxg7 Nxg3 15. gxf8=Q+ Qxf8 16. hxg3 Qf5 17. Be3 Rb8 18. O-O-O Rb3 19. Be2 Qe5 20. Rd4 c5 21. Rh5 Qxh5 22. Bxh5 cxd4 23. Bxd4 Ba6 24. Be2 Rb7 25. Kd2 d5 26. c5 Bxe2 27. Kxe2 a5 28. Be5 Rb5 29. c6 Rc5 30. c7 a4 31. g4 Kf7 32. f4 Rc4 33. g5 Ke7 34. g4 Kd7 35. Kf3 Re4 36. Bd6 Rc4 37. Be5 Re4 38. Bd6 Rc4 1/2-1/2

[Event "10th Iberoamericano-ch 2024"]
[Site "Linares"]
[Date "2024.09.29"]
[Round "7.21"]
[White "Moral Garcia, Serafin"]
[Black "Cesar Maestre, Bernardo"]
[Result "1-0"]
[ECO "A13"]
[WhiteElo "2262"]
[BlackElo "2369"]
[Annotator "RC"]
[PlyCount "69"]
[EventDate "2024.09.25"]
[EventType "swiss"]
[EventCountry "ESP"]
[SourceTitle "playchess.com"]
[Source "ChessBase"]
[SourceQuality "1"]
[TimeControl "5400+30"]

1. c4 e6 2. g3 d5 3. Bg2 Nf6 4. Nf3 d4 5. d3 Nc6 6. O-O Bc5 7. Na3 O-O 8. Nc2 a5 9. e3 e5 10. exd4 exd4 11. Re1 Bf5 12. Ne5 Nxe5 13. Rxe5 Bg4 14. Bf3 Nd7 15. Re1 Bxf3 16. Qxf3 c6 17. Bf4 Qb6 18. b3 Rfe8 19. Qg4 Nf6 20. Qf5 Bb4 21. Nxb4 Qxb4 22. Kf1 h5 23. h3 a4 24. bxa4 Qxa4 25. Rab1 Rxe1+ 26. Rxe1 Qxa2 27. Be5 Qa5 28. Qg5 Re8 29. Re4 Qa1+ 30. Kg2 Rxe5 31. Rxe5 Qc3 32. Qf5 Qb3 33. Re7 b5 34. Rb7 Qc3 35. Rb8+ 1-0

[Event "10th Iberoamericano-ch 2024"]
[Site "Linares"]
[Date "2024.09.29"]
[Round "7.22"]
[White "Panelo, Marcelo"]
[Black "Garzon Zapatanga, Christopher Leonel"]
[Result "1/2-1/2"]
[ECO "A04"]
[WhiteElo "2364"]
[BlackElo "2216"]
[Annotator "RC"]
[PlyCount "90"]
[EventDate "2024.09.25"]
[EventType "swiss"]
[EventCountry "ESP"]
[SourceTitle "playchess.com"]
[Source "ChessBase"]
[SourceQuality "1"]
[TimeControl "5400+30"]

1. Nf3 g6 2. g3 Bg7 3. Bg2 Nf6 4. O-O O-O 5. d4 d6 6. a4 Nc6 7. a5 e5 8. dxe5 dxe5 9. Nc3 Qe7 10. Bg5 Be6 11. a6 b6 12. Nd2 Qd7 13. Nde4 Nxe4 14. Qxd7 Bxd7 15. Bxe4 f6 16. Rfd1 Be8 17. Be3 f5 18. Bd5+ Kh8 19. Nb5 f4 20. Nxc7 Rc8 21. Bxb6 axb6 22. a7 Nxa7 23. Rxa7 fxg3 24. hxg3 Bf7 25. Bxf7 Rxf7 26. Nb5 Rxa7 27. Nxa7 Ra8 28. Rd7 e4 29. c3 Bf6 30. e3 Rd8 31. Rxd8+ Bxd8 32. Nb5 Be7 33. Kg2 Kg7 34. Kh3 Kf6 35. Nd4 Bd6 36. Nb3 Ke5 37. Nd2 b5 38. Kg4 h6 39. c4 Bb4 40. f4+ exf3 41. Nxf3+ Ke4 42. cxb5 h5+ 43. Kg5 Kxf3 44. Kxg6 Kxg3 45. Kxh5 Kf3 1/2-1/2

[Event "10th Iberoamericano-ch 2024"]
[Site "Linares"]
[Date "2024.09.29"]
[Round "7.23"]
[White "Jimenez Garcia, Emmanuel"]
[Black "Masague Artero, Guerau"]
[Result "1/2-1/2"]
[ECO "A15"]
[WhiteElo "2352"]
[BlackElo "2251"]
[Annotator "RC"]
[PlyCount "43"]
[EventDate "2024.09.25"]
[EventType "swiss"]
[EventCountry "ESP"]
[SourceTitle "playchess.com"]
[Source "ChessBase"]
[SourceQuality "1"]
[TimeControl "5400+30"]

1. Nf3 Nf6 2. c4 e6 3. b3 d5 4. Bb2 Be7 5. e3 O-O 6. Nc3 c5 7. cxd5 exd5 8. d4 Nc6 9. Be2 Ne4 10. O-O Bf6 11. Na4 Bg4 12. Rc1 cxd4 13. Nxd4 Bxd4 14. Bxg4 Bxb2 15. Nxb2 Qa5 16. Na4 Rad8 17. Qc2 Rfe8 18. Rfd1 d4 19. Bf3 Nb4 20. Qc7 Qxc7 21. Rxc7 b5 22. Bxe4 1/2-1/2

[Event "10th Iberoamericano-ch 2024"]
[Site "Linares"]
[Date "2024.09.29"]
[Round "7.24"]
[White "Vitier Vazquez, Cristian"]
[Black "Goncalves, Samuel Jesus P"]
[Result "0-1"]
[ECO "D78"]
[WhiteElo "2344"]
[BlackElo "2169"]
[Annotator "RC"]
[PlyCount "132"]
[EventDate "2024.09.25"]
[EventType "swiss"]
[EventCountry "ESP"]
[SourceTitle "playchess.com"]
[Source "ChessBase"]
[SourceQuality "1"]
[TimeControl "5400+30"]

1. d4 Nf6 2. Nf3 g6 3. c4 Bg7 4. g3 O-O 5. Bg2 c6 6. O-O d5 7. Ne5 dxc4 8. Nxc4 Be6 9. Ne5 Qb6 10. Nc3 Rd8 11. e3 Nbd7 12. Nxd7 Bxd7 13. Qe2 a5 14. Na4 Qa7 15. Bd2 Be8 16. Rac1 Rac8 17. Rfd1 Nd7 18. Bh3 e6 19. Qe1 b6 20. Bg2 e5 21. Rxc6 Rxc6 22. Bxc6 exd4 23. exd4 Ne5 24. dxe5 Bxc6 25. Be3 Re8 26. Nxb6 Bf3 27. Rd7 Qb8 28. Qxa5 Bg4 29. Ra7 Bf3 30. Rd7 Bxe5 31. Qc5 Bg4 32. b4 Bg7 33. Re7 Bf8 34. Rxe8 Qxe8 35. Qd4 Bh3 36. Nd5 Bg7 37. Qh4 Qd7 38. Qe4 Qb5 39. Ne7+ Kf8 40. Qa8+ Kxe7 41. Bc5+ Ke6 42. Qe4+ Be5 43. Qb1 Qc6 44. Qb3+ Qd5 45. Qxd5+ Kxd5 46. a4 Kc4 47. a5 Bc8 48. Kg2 Bc3 49. Kf3 Bxb4 50. Bxb4 Kxb4 51. Kf4 f6 52. Ke4 Kc5 53. h4 h5 54. f3 Bb7+ 55. Kf4 Kb5 56. g4 Kxa5 57. g5 fxg5+ 58. hxg5 Kb5 59. Kg3 Kc5 60. f4 Be4 61. Kh3 Bf5+ 62. Kg3 Kd4 63. Kf3 Kd3 64. Kg3 Ke4 65. Kh4 Bg4 66. Kg3 Bd1 0-1

[Event "10th Iberoamericano-ch 2024"]
[Site "Linares"]
[Date "2024.09.29"]
[Round "7.25"]
[White "Leyva, Hector"]
[Black "Jimenez Fernandez, Rebeca"]
[Result "1/2-1/2"]
[ECO "A05"]
[WhiteElo "2296"]
[BlackElo "2097"]
[Annotator "RC"]
[PlyCount "137"]
[EventDate "2024.09.25"]
[EventType "swiss"]
[EventCountry "ESP"]
[SourceTitle "playchess.com"]
[Source "ChessBase"]
[SourceQuality "1"]
[TimeControl "5400+30"]

1. Nf3 Nf6 2. g3 d5 3. Bg2 e6 4. O-O Be7 5. d3 O-O 6. a4 a5 7. Bf4 Nc6 8. Nc3 d4 9. Nb5 Nd5 10. Bd2 e5 11. c3 Bf6 12. Rc1 Be6 13. cxd4 exd4 14. Rxc6 bxc6 15. Nbxd4 Bd7 16. Qc2 c5 17. Qxc5 Bxa4 18. Ra1 Nb6 19. Bc3 Qd6 20. Qh5 Bd7 21. Ng5 Bxg5 22. Qxg5 f6 23. Qf4 Ra7 24. Qxd6 cxd6 25. Rxa5 Rxa5 26. Bxa5 Rc8 27. f4 Na4 28. b3 Nc3 29. Bb4 Bg4 30. Bxc3 Rxc3 31. Kf2 Kf8 32. h3 Bd7 33. g4 Ke7 34. f5 Rc1 35. Bd5 Rb1 36. h4 h6 37. Kg3 Rg1+ 38. Kf4 g5+ 39. hxg5 hxg5+ 40. Kf3 Rf1+ 41. Ke3 Rg1 42. Bf3 d5 43. Kf2 Rb1 44. Bxd5 Kd6 45. Bc4 Ke5 46. Ke3 Bc8 47. Nf3+ Kd6 48. Nd2 Rg1 49. Ne4+ Ke7 50. Kf3 Bb7 51. b4 Bxe4+ 52. Kxe4 Rxg4+ 53. Kd5 Kd7 54. b5 Kc7 55. Kc5 Rf4 56. b6+ Kb8 57. Bd5 Rxf5 58. e4 Rf2 59. Kd6 g4 60. d4 g3 61. e5 fxe5 62. dxe5 g2 63. Bxg2 Rxg2 64. e6 Rd2+ 65. Kc6 Re2 66. Kd7 Kb7 67. e7 Kxb6 68. e8=Q Rxe8 69. Kxe8 1/2-1/2

[Event "10th Iberoamericano-ch 2024"]
[Site "Linares"]
[Date "2024.09.29"]
[Round "7.26"]
[White "Merario Alarcon, Andres"]
[Black "Diaz Mino, Daniel"]
[Result "1-0"]
[ECO "D50"]
[WhiteElo "2408"]
[BlackElo "2130"]
[Annotator "RC"]
[PlyCount "77"]
[EventDate "2024.09.25"]
[EventType "swiss"]
[EventCountry "ESP"]
[SourceTitle "playchess.com"]
[Source "ChessBase"]
[SourceQuality "1"]
[TimeControl "5400+30"]

1. d4 d5 2. c4 e6 3. Nc3 Nf6 4. Bg5 dxc4 5. e3 c5 6. Bxf6 Qxf6 7. d5 exd5 8. Nxd5 Qd8 9. Bxc4 Bd6 10. Nf3 O-O 11. O-O Nc6 12. h3 Ne5 13. Nxe5 Bxe5 14. Qb3 Rb8 15. a4 g6 16. Rad1 Qh4 17. f4 Bg7 18. Kh2 Bf5 19. Rd2 b6 20. Rfd1 Bg4 21. Be2 Be6 22. Bf1 Bxd5 23. Rxd5 Qf6 24. Rd7 Qxb2 25. Qxb2 Bxb2 26. Kg3 Kg7 27. R1d6 Bf6 28. e4 Rbe8 29. Kf3 Rd8 30. e5 Bh4 31. g3 Rxd7 32. Rxd7 Bd8 33. Bc4 a6 34. Bxa6 Re8 35. Bb5 h5 36. e6 Kh6 37. Rxd8 Rxe6 38. Rd7 Re1 39. Rxf7 1-0

[Event "10th Iberoamericano-ch 2024"]
[Site "Linares"]
[Date "2024.09.29"]
[Round "7.27"]
[White "Atienza Alvarez, Javier"]
[Black "Garcia, Jhoel"]
[Result "1/2-1/2"]
[ECO "E04"]
[WhiteElo "2119"]
[BlackElo "2360"]
[Annotator "RC"]
[PlyCount "109"]
[EventDate "2024.09.25"]
[EventType "swiss"]
[EventCountry "ESP"]
[SourceTitle "playchess.com"]
[Source "ChessBase"]
[SourceQuality "1"]
[TimeControl "5400+30"]

1. d4 Nf6 2. c4 e6 3. Nf3 d5 4. g3 dxc4 5. Bg2 Nc6 6. Qa4 Bb4+ 7. Bd2 Nd5 8. Bxb4 Ndxb4 9. O-O Rb8 10. Na3 O-O 11. Qb5 b6 12. Qxc4 Ba6 13. Nb5 Qd5 14. Qxd5 exd5 15. Nc3 Rfe8 16. Rfc1 Bxe2 17. Nxe2 Rxe2 18. Rab1 Nc2 19. Rd1 Na5 20. Bf1 Re7 21. Rbc1 Nb4 22. a3 Nbc6 23. b4 Nc4 24. Bxc4 dxc4 25. Rxc4 Nd8 26. Kf1 f6 27. d5 Rd7 28. Rdc1 Rc8 29. Ke2 Nf7 30. Rc6 h6 31. h4 Kh7 32. Ke3 h5 33. Ke2 Kg8 34. a4 Kh7 35. R1c2 Kg8 36. Rc1 Re8+ 37. Re6 Rc8 38. Rec6 Nd8 39. R6c3 Kf8 40. Ke3 Nf7 41. Nd4 Re8+ 42. Ne6+ Kg8 43. Kf3 Rxd5 44. Nf4 Ne5+ 45. Kg2 Rd2 46. Rxc7 g6 47. R1c2 Red8 48. Rxd2 Rxd2 49. Rxa7 Ng4 50. Nxg6 Rxf2+ 51. Kg1 Rf3 52. Kg2 Rf2+ 53. Kg1 Rf3 54. Kg2 Rf2+ 55. Kg1 1/2-1/2

[Event "10th Iberoamericano-ch 2024"]
[Site "Linares"]
[Date "2024.09.29"]
[Round "7.28"]
[White "Maldonado Mena, German"]
[Black "Teran Alvarez, Ismael"]
[Result "1/2-1/2"]
[ECO "A40"]
[WhiteElo "2123"]
[BlackElo "2329"]
[Annotator "RC"]
[PlyCount "199"]
[EventDate "2024.09.25"]
[EventType "swiss"]
[EventCountry "ESP"]
[SourceTitle "playchess.com"]
[Source "ChessBase"]
[SourceQuality "1"]
[TimeControl "5400+30"]

1. d4 e6 2. c4 b6 3. Nc3 Bb4 4. Qc2 Bb7 5. e4 Bxc3+ 6. bxc3 Qh4 7. e5 f6 8. g3 Qh5 9. Be2 Qf7 10. Nf3 Nc6 11. exf6 Nxf6 12. O-O Na5 13. Ne5 Qe7 14. Bg5 O-O-O 15. c5 d6 16. cxd6 cxd6 17. Nc4 Nxc4 18. Bxc4 h6 19. Bxf6 Qxf6 20. Qe2 Rhe8 21. Ba6 e5 22. a4 exd4 23. Qc4+ Kb8 24. Bxb7 Kxb7 25. a5 d5 26. Qd3 Re6 27. cxd4 a6 28. axb6 Rxb6 29. Ra5 Rdd6 30. Rc5 Rb4 31. Rb1 Rxb1+ 32. Qxb1+ Rb6 33. Qd3 Qe6 34. Qf3 Rb5 35. Rc1 Rb6 36. Qf8 Qd7 37. Re1 Re6 38. Qb4+ Rb6 39. Qc5 Re6 40. Rb1+ Ka8 41. Qf8+ Qe8 42. Qb4 Qc8 43. Kg2 Qc7 44. Rb3 Ka7 45. Rc3 Rc6 46. Re3 Qb7 47. Qa5 Rc7 48. Re6 Rc6 49. Re5 Rc7 50. h4 Qb6 51. Qxd5 Qb7 52. Qxb7+ Kxb7 53. Kf3 Kb6 54. Ke4 a5 55. d5 Rd7 56. Kd4 a4 57. Kc4 a3 58. Re6+ Kb7 59. Kb3 Rxd5 60. Re7+ Kc8 61. Kxa3 Rf5 62. Rxg7 Rxf2 63. Kb4 Kd8 64. Kc5 Ke8 65. Kd5 Kf8 66. Rg4 Ra2 67. Ke6 Ra6+ 68. Kf5 Kf7 69. Re4 Ra3 70. Kg4 Kf6 71. Rb4 Ra5 72. Rb6+ Kg7 73. Re6 Ra3 74. Kf4 Rb3 75. g4 Rb4+ 76. Re4 Rb7 77. Re5 Ra7 78. Re6 Rb7 79. Kf5 Rb5+ 80. Re5 Rb7 81. h5 Ra7 82. Rd5 Rf7+ 83. Ke5 Re7+ 84. Kf4 Rf7+ 85. Ke4 Re7+ 86. Re5 Ra7 87. Re6 Ra4+ 88. Kf5 Ra5+ 89. Re5 Ra7 90. Re4 Rb7 91. Rd4 Rb5+ 92. Ke6 Rb6+ 93. Rd6 Rxd6+ 94. Kxd6 Kf6 95. Kd5 Kg5 96. Ke4 Kxg4 97. Ke3 Kg3 98. Ke4 Kg4 99. Ke3 Kxh5 100. Kd4 1/2-1/2